[Event "*** Titled Tuesday Blitz"]
[Site "Chess.com"]
[Date "2020.11.24"]
[Round "3"]
[White "BikingBrian"]
[Black "sorrm8thatscheckm8"]
[Result "0-1"]
[WhiteElo "2253"]
[BlackElo "2491"]
[TimeControl "180+1"]
[EndTime "10:46:56 PST"]
[Termination "sorrm8thatscheckm8 won by resignation"]

1. d4 Nf6 2. Bg5 e6 3. Nd2 d5 4. e3 c5 5. c3 Nbd7 6. f4 b6 7.
Ngf3 h6 8. Bh4 Bd6 9. Ne5 Qc7 10. Bd3 Bb7 11. Qf3 Rf8 12. O-O O-O-O 13. a4 c4 14. Bc2 Rde8 15. e4 Nxe4 16. Nxe4 dxe4 17. Bxe4 Bxe5 18.
Bxb7+ Qxb7 19. Qxb7+ Kxb7 20. fxe5 Kc6 21. Rf3 f5 22. exf6 gxf6 23. Raf1 f5 24. Bg3 Nf6 25. Bf4 h5 26. Rg3 Rg8 27. Rff3 h4 28. Rxg8 Rxg8 29. Re3 Ne4 30. g3 hxg3 31. hxg3 a6 32. Kg2 b5 33. axb5+ axb5 34. Re1 Ra8 35. g4 Ra2 36.
gxf5 exf5 37. Re2 Nxc3 38. Re6+ Kd5 39. Re5+ Kc6 40. Re6+ Kb7 41. Re7+ Kb6 42. Re6+ Ka5 43. Bc7+ Kb4 44. Kf3 Rxb2 45. Ra6 Nd5 46. Bd6+ Kc3 47.
Bc5 b4 48. Rd6 Nc7 49. Rb6 b3 50. Kf4 Rf2+ 51. Ke5 b2 52. d5 Re2+ 53. Kd6 Nxd5 54. Kxd5 Kc2 55. Kxc4 b1=Q 56. Rxb1 Kxb1 57. Kd3 Re8 58. Be3 Kb2 59. Ke2 Kb3 60. Kf3 Kc4 61. Kf4 Kd3 62. Bf2 Rf8 63. Bc5 Rf7 64. Bd6 Kc4 65. Be5 Kd5 66. Bc3 Ke6 67. Be5 Rb7 68. Bc3 Rc7 69. Bd2 Rc4+ 70. Kf3 Kf6 71. Be1 Kg6 72.
Bd2 Kf6 73. Be1 Ke5 74. Bg3+ f4 75. Bh4 Rc3+ 76. Kf2 Ke4 77. Bf6 Rc2+ 78. Ke1 f3 79. Bh4 Rh2 80. Bg3 Rg2 81. Bf2 Kd3 82. Bh4 Ke3 83.
Bg5+ Rxg5 0-1

[Event "*** Titled Tuesday Blitz"]
[Site "Chess.com"]
[Date "2020.11.24"]
[Round "3"]
[White "Bastiandash"]
[Black "xberli"]
[Result "1-0"]
[WhiteElo "2417"]
[BlackElo "2558"]
[TimeControl "180+1"]
[EndTime "10:46:58 PST"]
[Termination "Bastiandash won on time"]

1. d4 Nf6 2. Nf3 g6 3. Bg5 Bg7 4. Nbd2 O-O 5. c3 b6 6. e4 Bb7 7. Bd3 d6 8. Qe2 c5 9. e5 dxe5 10. dxe5 Nd5 11. e6 f6 12. Be3 Nxe3 13. Qxe3 Nc6 14.
O-O Qc7 15. Rfe1 Rad8 16. Rad1 f5 17. Nc4 Bf6 18. a4 Kg7 19. Bc2 Rxd1 20. Rxd1 Rd8 21. Rxd8 Qxd8 22. Bb3 Qc7 23. g3 Ba8 24. Ncd2 Na5 25.
Bd1 Qc6 26. Be2 Nb7 27. Bb5 Qd5 28. Bc4 Qd8 29. Ne5 Nd6 30. Bb3 Ne4 31. Nd7 Qc7 32. Nxe4 Bxe4 33. Nxf6 Kxf6 34. Qh6 c4 35. Bd1 Qd8 36.
Be2 Kxe6 37. Qxh7 Qd2 38. Qxg6+ Kd7 39. Qh5 Qe1+ 40. Bf1 Bd3 41. Qh3 e6 42. Qg2 Kc7 43. h4 Qd1 44. h5 Qxh5 45. Bxd3 cxd3 46. Qa8 d2 47. Qxa7+ Kc6 48. Qa8+ Kd7 49. Qb7+ Ke8 50. Qc6+ Ke7 51. Qc7+ Kf6 52. Qd8+ Kg6 53. Qxd2 Qf3 54. Qe3 Qd1+ 55. Kg2 Qd5+ 56. Qf3 Qc4 57. Qe3 Qc6+ 58.
Kg1 Kf7 59. b3 Qd6 60. Qd4 Qc6 61. Kf1 Qf3 62. Qc4 Qd1+ 63. Kg2 Qd6 64. b4 Qd7 65. a5 b5 66. Qc5 Qb7+ 67. Kf1 Qh1+ 68. Ke2 Qe4+ 69. Kd2 Qb1 70. a6 Qa2+ 71. Ke3 Qxa6 72.
Kd4 Qb7 73. Qd6 Qe4+ 74. Kc5 Qc4+ 75. Kb6 Qxc3 76. Kxb5 Qf3 77. Qc5 Qe2+ 78. Kb6 Qd1 79. b5 Qa4 80. Qc7+ Kf6 81. Qc3+ e5 82. Qc5 f4 83.
gxf4 exf4 84. Kc6 Qe4+ 85. Kc7 Qf3 86. b6 1-0

[Event "*** Titled Tuesday Blitz"]
[Site "Chess.com"]
[Date "2020.11.24"]
[Round "3"]
[White "InitiatingASC"]
[Black "MomchilPetkov"]
[Result "1-0"]
[WhiteElo "2449"]
[BlackElo "2672"]
[TimeControl "180+1"]
[EndTime "10:46:59 PST"]
[Termination "InitiatingASC won by resignation"]

1. Nf3 g6 2. g3 Bg7 3. Bg2 d6 4. O-O Nf6 5. d3 O-O 6. Nbd2 c5 7. a3 Nc6 8. Rb1 Bd7 9. b4 cxb4 10. axb4 Nd5 11.
Bb2 Ncxb4 12. c4 Bxb2 13. cxd5 Bc3 14. Ne4 Nxd5 15. Qb3 Be6 16. Nxc3 Ne3 17. Qxb7 Nxf1 18. Rxf1 Qc8 19. Qb4 a5 20. Qa3 Bh3 21. Nd2 Bxg2 22. Kxg2 Qc6+ 23. f3 Rfc8 24. Rc1 e6 25. Na2 Qb6 26. Nc4 Qd8 27. Qxd6 Qxd6 28. Nxd6 Rxc1 29. Nxc1 Rb8 30. Nc4 a4 31. Na2 Rb3 32. Kf2 Rb1 33.
Nc3 Ra1 34. Nb5 Rh1 35. h4 f6 36. Kg2 Rb1 37. Nc3 Ra1 38. Nb5 h5 39. g4 Kg7 40.
gxh5 gxh5 41. Kg3 Kg6 42. Nba3 e5 43. Nc2 Rg1+ 44. Kf2 Rc1 45. N2a3 Rh1 46. Kg3 Kf7 47. Nb5 Ra1 48. Nba3 Ke6 49. Nb5 f5 50. Kf2 f4 51.
Kg2 Rb1 52. Nc3 Rc1 53. Nxa4 Rc2 54. Nc5+ Kf5 55. Kf2 Rc1 56. Nd7 Rh1 57. Ndxe5 Rxh4 58. Nc6 Rh2+ 59. Kf1 Rh1+ 60. Kg2 Rc1 61. Nd4+ Kg5 62. Nb3 Re1 63. Kf2 Rh1 64. Nbd2 h4 65. Ne4+ Kh5 66. Ne5 Rh2+ 67. Kf1 Rh1+ 68. Kg2 Re1 69. Kf2 Rb1 70. d4 h3 71. Ng4 Kh4 72. d5 Rd1 73. d6 Rd4 74. e3 fxe3+ 75. Kxe3 Rd1 76. Kf4 Rg1 77. Nef2 Rg2 78. Nxh3 Kxh3 79. d7 Rd2 80. Nf6 Kh4 81.
Ke5 Kg5 82. f4+ Kg6 83. Ke6 Re2+ 84. Kd6 Rd2+ 85. Ke7 Re2+ 86. Kf8 Kxf6 87. d8=Q+ Kf5 88. Qg5+ Ke4 89. Qe5+ Kf3 90. Qxe2+ Kxe2 91. f5 Kd3 92. f6 1-0

[Event "*** Titled Tuesday Blitz"]
[Site "Chess.com"]
[Date "2020.11.24"]
[Round "3"]
[White "Isajevsky_Anton"]
[Black "Ural_bogatyr"]
[Result "1-0"]
[WhiteElo "2597"]
[BlackElo "2411"]
[TimeControl "180+1"]
[EndTime "10:46:59 PST"]
[Termination "Isajevsky_Anton won by resignation"]

1. c4 Nf6 2. Nc3 e6 3. Nf3 d5 4. e3 Be7 5. b3 O-O 6. Qc2 b6 7. Bb2 Bb7 8. cxd5 exd5 9. d4 c5 10. Be2 Nc6 11. Rd1 Rc8 12. dxc5 bxc5 13. O-O Qa5 14. Qb1 Rfd8 15. Na4 Ne4 16. Qa1 Bf6 17. Bxf6 Nxf6 18. Rc1 Ne4 19. Rfd1 Qb4 20. Nc3 Nxc3 21.
Qxc3 Qxc3 22. Rxc3 Na5 23. h4 c4 24. b4 Nc6 25. a3 f6 26. g3 Kf8 27. Nd4 Ke7 28.
Nxc6+ Rxc6 29. Rd4 Rcd6 30. Bf3 Ke6 31. Kf1 g6 32. Ke2 f5 33. g4 Bc6 34. gxf5+ gxf5 35. Rc1 Rg8 36. a4 Bxa4 37. Ra1 Bb5 38. Rxa7 c3+ 39. Kd1 Rg1+ 40. Kc2 Bc4 41. Kxc3 Rc1+ 42. Kb2 Rf1 43. Rd2 Rb6 44. Ra4 Rg1 45. Kc3 Rb1 46. Kd4 R1xb4 47. Rxb4 Rxb4 48. Kc5 Rb5+ 49. Kc6 Ra5 50. h5 Ra6+ 51.
Kc5 Ra5+ 52. Kb6 Rb5+ 53. Kc6 Ra5 54. h6 Ke5 55. Kc7 Ra6 56. Bd1 Rxh6 57. Bc2 Rf6 58.
f4+ Ke6 59. Ba4 Kf7 60. Bd7 Kg6 61. Rg2+ Kf7 62. Rg5 h6 63. Rh5 Kg6 64. Rh2 Rf7 65. Kd6 Rf6+ 66. Ke5 Rf8 67. Rg2+ Kh7 68. Bxf5+ Kh8 69. Rg6 Rxf5+ 70. Kxf5 Bd3+ 71. Kf6 Bxg6 72. Kxg6 Kg8 73. Kxh6 Kf7 74. Kg5 Ke6 75. f5+ Kf7 76.
f6 Kf8 77. Kg6 Kg8 78. Kf5 Kf7 79. Ke5 Kf8 80. Kxd5 Kf7 81. Ke5 1-0

[Event "*** Titled Tuesday Blitz"]
[Site "Chess.com"]
[Date "2020.11.24"]
[Round "3"]
[White "Revnov"]
[Black "Tactictic"]
[Result "1-0"]
[WhiteElo "2661"]
[BlackElo "2430"]
[TimeControl "180+1"]
[EndTime "10:47:08 PST"]
[Termination "Revnov won by checkmate"]

1. e4 c5 2. Nf3 d6 3. d4 cxd4 4. Nxd4 Nf6 5. Nc3 a6 6. Be3 e5 7. Nf3 Be7 8. h3 Qc7 9. g4 h6 10. a4 b6 11. Nd2 Bb7 12. Bc4 Nbd7 13. Qe2 Nc5 14. f3 Ne6 15. Qf2 Nd7 16. Nd5 Bxd5 17. Bxd5 Rc8 18. Nc4 b5 19. axb5 axb5 20. Na3 O-O 21.
Nxb5 Qxc2 22. O-O Bg5 23. Bxe6 fxe6 24. Bxg5 hxg5 25. Nxd6 Rc6 26. Rad1 Rb8 27. Rd2 Qb3 28. Rfd1 Nb6 29. Rd3 Qb4 30. b3 Rc3 31. Qd2 Rxb3 32.
Qxb4 Rxb4 33. Kf2 Nc4 34. Nxc4 Rxc4 35. Rd8+ Rxd8 36. Rxd8+ Kf7 37. Kg3 Rc3 38. Ra8 Rc4 39.
Ra7+ Kf6 40. Ra6 Rc3 41. Ra1 Rc2 42. Rh1 Rc3 43. h4 gxh4+ 44. Rxh4 g6 45. Rh8 Rd3 46. Rf8+ Ke7 47. Ra8 Kf6 48. Ra7 Rd4 49. Ra5 Rd3 50.
Ra1 Rd2 51. Rg1 Rd3 52. Kf2 Rd2+ 53. Ke3 Rb2 54. g5+ Ke7 55. Rc1 Rb3+ 56. Kf2 Rb7 57. Kg3 Kd6 58. Ra1 Rg7 59. Ra6+ Kc5 60. Rxe6 Kd4 61. Rf6 Rg8 62. Re6 Rg7 63. Kg4 Rg8 64.
Rd6+ Ke3 65. Rd5 Re8 66. Rd6 Rg8 67. Kg3 Rg7 68. Rf6 Rg8 69. Kg4 Rg7 70. Ra6 Rg8 71. Ra3+ Kd4 72. Kg3 Rg7 73. Ra4+ Ke3 74. Ra5 Kd4 75.
Rd5+ Kc4 76. Rxe5 Rf7 77. Rd5 Kb4 78. Kg4 Kc4 79. f4 Re7 80. Re5 Rxe5 81. fxe5 Kc5 82.
Kf4 Kc6 83. Ke3 Kd7 84. Kd3 Ke7 85. Kc4 Ke6 86. Kd4 Kf7 87. Kd5 Ke7 88. e6 Ke8 89. Ke5 Ke7 90. Kd5 Ke8 91. Kd6 Kd8 92. e7+ Ke8 93.
e5 Kf7 94. Kd7 Kg7 95. e8=Q Kh7 96. Qe7+ Kh8 97. Ke6 Kg8 98. Kf6 Kh8 99. Qg7# 1-0

[Event "*** Titled Tuesday Blitz"]
[Site "Chess.com"]
[Date "2020.11.24"]
[Round "3"]
[White "frederiksvane"]
[Black "dosto07"]
[Result "1-0"]
[WhiteElo "2729"]
[BlackElo "2329"]
[TimeControl "180+1"]
[EndTime "10:47:11 PST"]
[Termination "frederiksvane won on time"]

1. e4 e5 2. Nf3 Nc6 3. Bb5 a6 4.
Ba4 Nf6 5. O-O Be7 6. d3 b5 7.
Bb3 O-O 8. Nc3 d6 9. a3 Na5 10. Ba2 Be6 11. b4 Bxa2 12. Rxa2 Nc6 13. Bg5 Nd7 14.
Bd2 Nf6 15. Bg5 Nd7 16. Bd2 Nf6 17. Qb1 d5 18. exd5 Nxd5 19. Qb3 Nxc3 20. Bxc3 Bf6 21. Re1 Re8 22. a4 Nd4 23. Bxd4 exd4 24. Raa1 c6 25. Nd2 Qd5 26. Qxd5 cxd5 27. Rxe8+ Rxe8 28. Kf1 Rc8 29.
axb5 axb5 30. Ke2 g6 31. Kd1 Be7 32. Ra5 Rb8 33. Ra7 Bxb4 34. Rd7 Bc3 35. Rxd5 b4 36. Re5 Kf8 37. Nb3 Ra8 38. g4 Ra2 39. h3 Rb2 40. Kc1 Ra2 41. Re4 Kg7 42. f4 h5 43.
gxh5 gxh5 44. Re5 Kg6 45. Rg5+ Kh6 46. Rf5 Kg6 47. Rd5 h4 48. Rg5+ Kf6 49. Rg4 Kf5 50. Rxh4 Ra7 51. Rg4 Re7 52. Rg1 Kxf4 53. h4 f5 54. Kd1 Rh7 55. Rh1 Kg4 56. Ke2 Rxh4 57. Rxh4+ Kxh4 58. Kf3 Kg5 59. Nc5 f4 60. Ne6+ Kf5 61. Nxf4 Ke5 62. Ne2 Kd5 63. Nc1 Bb2 64. Nb3 Bc3 65. Kf4 Bb2 66. Kf5 Bc3 67. Kf6 Bb2 68.
Ke7 Bc3 69. Kd7 Be1 70. Kc7 Bc3 71. Kb6 Ke5 72. Kc5 Kf4 73. Nxd4 Ke3 74. Nc6 Kd2 75.
Nxb4 Ke3 76. Kc4 Bd2 77. Nd5+ Ke2 78. d4 Kd1 79. c3 Kc2 80. Nb4+ Kb2 81. Nd3+ Kc2 82.
Nb4+ Kb2 83. Nd5 Kc2 84. Kb4 Be1 85. Kc5 Kd3 86. Kb5 Bd2 87. Kc5 Ke4 88. Kc4 Be1 89. Nb4 Ke3 90. Nc2+ Kd2 91. Nxe1 1-0

[Event "*** Titled Tuesday Blitz"]
[Site "Chess.com"]
[Date "2020.11.24"]
[Round "3"]
[White "JonahWillow"]
[Black "BogdanDeac"]
[Result "0-1"]
[WhiteElo "2658"]
[BlackElo "2896"]
[TimeControl "180+1"]
[EndTime "10:47:38 PST"]
[Termination "BogdanDeac won by resignation"]

1. e4 c5 2. Nf3 d6 3. d4 cxd4 4. Qxd4 Bd7 5. c4 Nc6 6. Qe3 g6 7. h3 Qa5+ 8. Bd2 Qc5 9. Nc3 Bg7 10. Be2 Qxe3 11. Bxe3 Bxc3+ 12. bxc3 Nf6 13. Bd3 b6 14. O-O Rc8 15. Nd2 Na5 16. f4 Be6 17. Bd4 Nxc4 18.
Nxc4 Bxc4 19. Bxc4 Rxc4 20. a4 O-O 21. Bxf6 exf6 22.
a5 b5 23. Rfd1 Rd8 24. Rd5 a6 25. e5 fxe5 26. fxe5 Rxc3 27. exd6 Kf8 28. d7 Rc6 29. Rad1 Ke7 30. Kf2 b4 31. Kf3 b3 32. Kf4 Rc4+ 33.
Kf3 b2 34. Re1+ Kf8 35. Rb1 Rb4 36. Rd2 Rb3+ 37. Kf4 Rb5 38. Rbxb2 Rxa5 39. Rb1 Rf5+ 40. Kg4 h5+ 41. Kg3 Rc5 42. Ra1 a5 43. Kf4 Ke7 44. Re1+ Kf8 45. Ra1 Rf5+ 46. Kg3 Rb5 47. Kf4 Ke7 48.
Re1+ Kf8 49. Ra1 Rc5 50. Kg3 Kg7 51. Kf4 Kf6 52. Kg3 Re5 53. Rb1 a4 54. Rb6+ Re6 55.
Rb4 Ra6 56. Rf4+ Kg7 57. Rff2 a3 58. Rfe2 Ra7 59. Ra2 Rdxd7 60. Re3 h4+ 61. Kxh4 Rd4+ 62. Kg3 Rda4 63. Rb3 f5 64. Kf3 Kf6 65. g3 R7a6 66. Rc3 g5 67. Rb3 Ke5 68. Rb5+ Ke6 69. Rb3 R6a5 70.
Rd3 Ke5 71. Re2+ Re4 72. Ra2 g4+ 73. hxg4 fxg4+ 74. Kf2 Rea4 75. Re2+ Kf5 76. Ra2 Ra6 77. Rd5+ Ke4 78. Rdd2 R6a5 79. Re2+ Kd5 80. Re3 Kd4 81. Rb3 Kc4 82. Re3 Kd4 83. Rb3 Ra6 84.
Kg2 Kc4 85. Re3 Kd4 86. Rb3 Ra7 87. Kf2 Kc4 88. Re3 Kb4 89. Re4+ Kb3 90. Ree2 Rc7 91. Kg2 Rc3 92. Kf2 Rf3+ 93. Kg2 Rc3 94. Kf2 Rc1 95. Kg2 Ra5 96. Kf2 Rb1 97. Kg2 Ra4 98. Kf2 Rb2 99. Raxb2+ axb2 100. Re3+ Ka2 101. Re2 Ka1 0-1

[Event "*** Titled Tuesday Blitz"]
[Site "Chess.com"]
[Date "2020.11.24"]
[Round "3"]
[White "Aureliano-Buendia"]
[Black "RobertoJBM"]
[Result "1/2-1/2"]
[WhiteElo "2486"]
[BlackElo "2696"]
[TimeControl "180+1"]
[EndTime "10:47:44 PST"]
[Termination "Game drawn by repetition"]

1. Nf3 d5 2. d4 Nf6 3. c4 c6 4. Nc3 dxc4 5. a4 Bf5 6. g3 e6 7. Bg2 Nbd7 8. O-O a5 9. b3 cxb3 10. Qxb3 Qb6 11. Qc4 h6 12. Ne5 Nxe5 13. dxe5 Nd7 14.
Bf4 Qb4 15. Qxb4 Bxb4 16. Na2 Bc5 17. e4 Bh7 18. Rab1 b6 19. h4 Ke7 20. Nc1 Rhc8 21. Nd3 Rab8 22. Rfc1 Bd4 23. Rc4 c5 24. Kh2 Kd8 25.
f3 Rb7 26. Bf1 Rbc7 27. Be2 Bg8 28. Bd1 Rc6 29. Bb3 Ke7 30. Rbc1 h5 31. R4c2 f6 32. exf6+ gxf6 33. Bc4 e5 34. Bd2 Bxc4 35. Rxc4 Nf8 36. Rb1 Ne6 37. Kg2 R8c7 38. f4 Kd6 39. Kf3 Rg7 40.
f5 Nc7 41. Bh6 Rg8 42. Bd2 Ne8 43. Bh6 Kc7 44. Bd2 Nd6 45. Rc2 c4 46. Nb2 c3 47.
Rbc1 Kb7 48. Bxc3 Rgc8 49. Nd1 Rc4 50. g4 hxg4+ 51. Kxg4 Nxe4 52. Bxd4 Rxc2 53. Rxc2 Rxc2 54. Be3 Re2 55. Kf3 Re1 56. Nb2 Nd6 57. Nd3 Rxe3+ 58. Kxe3 Nxf5+ 59. Ke4 Nxh4 60. Kd5 Nf3 61. Nb2 f5 62.
Nc4 Kc7 63. Ne3 f4 64. Nc4 Kb7 65. Ke4 Nd4 66. Kxe5 Nb3 67. Kxf4 Kc6 68. Nb2 Kd5 69. Ke3 Nc5 70. Kd2 Kd4 71. Kc2 Ne4 72. Kb3 Nd2+ 73. Kc2 Nc4 74. Nd1 Kc5 75. Kb3 Nd6 76. Nc3 Nf5 77. Ne4+ Kc6 78. Nc3 Nd4+ 79. Kc4 Nf3 80. Nb5 Ne5+ 81. Kd4 Nd7 82. Kc4 Nc5 83. Nd4+ Kb7 84.
Kb5 Na6 85. Ne6 Nc7+ 86. Nxc7 Kxc7 87. Kc4 Kc6 88. Kd4 Kd6 89. Kc4 Kc7 90. Kd5 Kd7 91. Kd4 Kd6 92. Kc4 Kc6 93. Kd4 b5 94. axb5+ Kxb5 95. Kc3 Ka4 96. Kb2 Kb4 97. Ka1 Ka4 98. Kb1 Kb4 99.
Ka1 Ka4 100. Kb1 Kb4 101. Ka1 1/2-1/2

[Event "*** Titled Tuesday Blitz"]
[Site "Chess.com"]
[Date "2020.11.24"]
[Round "4"]
[White "Sacbutt"]
[Black "Klavdia_Nik"]
[Result "1-0"]
[WhiteElo "2295"]
[BlackElo "2080"]
[TimeControl "180+1"]
[EndTime "10:49:46 PST"]
[Termination "Sacbutt won by resignation"]

1. e4 e5 2. Nf3 Nc6 3. Bc4 Be7 4. O-O Nf6 5. d3 O-O 6. a3 d5 7. exd5 Nxd5 8. Re1 Bf6 9. h3 Re8 10. Nbd2 g6 11. Ne4 Bg7 12. Bg5 f6 13. Bxf6 1-0

[Event "*** Titled Tuesday Blitz"]
[Site "Chess.com"]
[Date "2020.11.24"]
[Round "4"]
[White "anemih"]
[Black "sara_khm"]
[Result "0-1"]
[WhiteElo "2344"]
[BlackElo "2578"]
[TimeControl "180+1"]
[EndTime "10:49:59 PST"]
[Termination "sara_khm won by resignation"]

1. e4 e5 2. Nf3 Nc6 3. d4 exd4 4. Nxd4 Nf6 5. Nc3 Bb4 6. Nxc6 bxc6 7. Bd3 d5 8. exd5 O-O 9. O-O cxd5 10. Bg5 c6 11.
Qf3 Bd6 12. h3 Rb8 13. b3 Be5 14. Be2 Bxc3 15. Qxc3 Ne4 16. Qe5 Qxg5 17. Qxb8 Bxh3 18. Qh2 Bf5 19. Bd3 Nd2 20. Bxf5 Nf3+ 21. Kh1 Nxh2 0-1

[Event "*** Titled Tuesday Blitz"]
[Site "Chess.com"]
[Date "2020.11.24"]
[Round "4"]
[White "WiktoriaPOL"]
[Black "orestn"]
[Result "0-1"]
[WhiteElo "2061"]
[BlackElo "2292"]
[TimeControl "180+1"]
[EndTime "10:50:17 PST"]
[Termination "orestn won by resignation"]

1. c4 e6 2. Nc3 d5 3. d4 c5 4. cxd5 exd5 5. Nf3 Nc6 6. g3 Nf6 7. Bg2 cxd4 8. Nxd4 Bc5 9. Be3 Qb6 10. Na4 Qb4+ 11. Nc3 Bxd4 12. Bxd4 Qxd4 13. Qxd4 Nxd4 14. Nxd5 Nxd5 15. Bxd5 Nc2+ 0-1

[Event "*** Titled Tuesday Blitz"]
[Site "Chess.com"]
[Date "2020.11.24"]
[Round "4"]
[White "woodhy"]
[Black "Campelov"]
[Result "1-0"]
[WhiteElo "2432"]
[BlackElo "2188"]
[TimeControl "180+1"]
[EndTime "10:50:25 PST"]
[Termination "woodhy won by resignation"]

1. e4 c5 2. Nf3 e6 3. d4 cxd4 4. Nxd4 Nc6 5. c4 Nf6 6. Nc3 Bb4 7.
Nxc6 bxc6 8. Bd3 d5 9. cxd5 cxd5 10. Qa4+ Bd7 11. Qxb4 Rb8 12. Qa3 dxe4 13. Nxe4 Nxe4 14. Bxe4 Bb5 15. Be3 1-0

[Event "*** Titled Tuesday Blitz"]
[Site "Chess.com"]
[Date "2020.11.24"]
[Round "4"]
[White "Zubrrr"]
[Black "vladgoncharov"]
[Result "1-0"]
[WhiteElo "2660"]
[BlackElo "2479"]
[TimeControl "180+1"]
[EndTime "10:50:41 PST"]
[Termination "Zubrrr won by resignation"]

1. d4 Nf6 2. c4 c5 3. dxc5 e6 4. Nf3 Bxc5 5. e3 O-O 6. a3 d5 7. Qc2 Bb6 8. Nc3 Nc6 9. Bd3 dxc4 10. Bxc4 e5 11. O-O Bg4 12. Ng5 h6 13. Nge4 Nxe4 14.
Qxe4 Bh5 15. Qf5 Bg6 16. Qxg6 1-0

[Event "*** Titled Tuesday Blitz"]
[Site "Chess.com"]
[Date "2020.11.24"]
[Round "4"]
[White "mjray79"]
[Black "lacafi"]
[Result "1-0"]
[WhiteElo "2433"]
[BlackElo "2207"]
[TimeControl "180+1"]
[EndTime "10:50:41 PST"]
[Termination "mjray79 won by checkmate"]

1. d4 f5 2. Nc3 Nf6 3. Bg5 g6 4. Bxf6 exf6 5. e3 Bg7 6. Bd3 O-O 7. g4 fxg4 8. Qxg4 d5 9. Qe2 f5 10. Nf3 Re8 11. Nxd5 Be6 12. Nf4 Bf7 13. Rg1 c5 14. Bc4 cxd4 15. Bxf7+ Kxf7 16. Qc4+ Ke7 17. Rxg6 hxg6 18.
Qe6+ Kf8 19. Nxg6# 1-0

[Event "*** Titled Tuesday Blitz"]
[Site "Chess.com"]
[Date "2020.11.24"]
[Round "4"]
[White "Lion-Al-Messi"]
[Black "northridgehawk"]
[Result "1-0"]
[WhiteElo "2562"]
[BlackElo "2310"]
[TimeControl "180+1"]
[EndTime "10:50:47 PST"]
[Termination "Lion-Al-Messi won by resignation"]

1. e4 e5 2. Nf3 Nc6 3. Bb5 a6 4.
Ba4 Nf6 5. O-O b5 6. Bb3 Bc5 7. c3 d6 8. d4 Bb6 9. a4 Rb8 10.
axb5 axb5 11. h3 h6 12. dxe5 Nxe5 13. Nxe5 dxe5 14. Qxd8+ Kxd8 15. Be3 Ke7 16. Nd2 Rd8 17. Nf3 Nxe4 18. Nxe5 Bb7 19. Nxf7 Bxe3 20. Nxd8 Rxd8 21. fxe3 Nd2 22. Rf7+ Ke8 23. Rxc7 Nxb3 24. Ra7 Bd5 25.
Rxg7 Be6 26. Rge7+ 1-0

[Event "*** Titled Tuesday Blitz"]
[Site "Chess.com"]
[Date "2020.11.24"]
[Round "4"]
[White "Anna_ChessMate"]
[Black "Grineva_Marianna"]
[Result "1-0"]
[WhiteElo "2575"]
[BlackElo "2201"]
[TimeControl "180+1"]
[EndTime "10:51:04 PST"]
[Termination "Anna_ChessMate won by checkmate"]

1. d4 f5 2. c4 Nf6 3. Nc3 d6 4. Qc2 g6 5. Bg5 Bg7 6. O-O-O h6 7. Bxf6 Bxf6 8. e4 fxe4 9. Nxe4 O-O 10. Nf3 Nc6 11.
Nxf6+ Rxf6 12. d5 Nb4 13. Qd2 c5 14. dxc6 a5 15. Qxh6 Bf5 16. Ng5 Nxa2+ 17. Kd2 Qb6 18. Qh7+ Kf8 19. Qh8# 1-0

[Event "*** Titled Tuesday Blitz"]
[Site "Chess.com"]
[Date "2020.11.24"]
[Round "4"]
[White "Kretov_Evgenij"]
[Black "Taktikmonster"]
[Result "1-0"]
[WhiteElo "2453"]
[BlackElo "2150"]
[TimeControl "180+1"]
[EndTime "10:51:27 PST"]
[Termination "Kretov_Evgenij won by checkmate"]

1. d4 Nf6 2. c4 e6 3. Nc3 Bb4 4. Bg5 c5 5. d5 b5 6. e3 h6 7. Bh4 g5 8. Bg3 Ne4 9. Be5 f6 10. Qc2 Nxc3 11. bxc3 Ba5 12. Qg6+ Ke7 13. d6+ Kf8 14. Bxf6 Bxc3+ 15. Bxc3 Rg8 16. Qxh6+ Ke8 17. Nf3 Nc6 18. cxb5 Nb4 19. Ne5 Nc2+ 20. Kd2 Nxa1 21. Qh5+ Kf8 22. Qf7# 1-0

[Event "*** Titled Tuesday Blitz"]
[Site "Chess.com"]
[Date "2020.11.24"]
[Round "4"]
[White "Teo2000"]
[Black "parintele_chess"]
[Result "1-0"]
[WhiteElo "2431"]
[BlackElo "2204"]
[TimeControl "180+1"]
[EndTime "10:51:27 PST"]
[Termination "Teo2000 won by resignation"]

1. e4 g6 2. h4 h5 3. Bc4 Bg7 4. Nc3 c5 5. d3 Nc6 6. Nge2 d6 7. Be3 Nd4 8. Qd2 Bg4 9. f3 Bxf3 10. Bxf7+ Kxf7 11. Rf1 e5 12. O-O-O Qxh4 13. gxf3 Nf6 14. f4 Rhd8 15. fxe5 dxe5 16. Bg5 Qh2 17. Nxd4 cxd4 18. Qxh2 1-0

[Event "*** Titled Tuesday Blitz"]
[Site "Chess.com"]
[Date "2020.11.24"]
[Round "4"]
[White "OscarAng"]
[Black "DenLaz"]
[Result "0-1"]
[WhiteElo "2364"]
[BlackElo "2752"]
[TimeControl "180+1"]
[EndTime "10:51:31 PST"]
[Termination "DenLaz won by resignation"]

1. d4 Nf6 2. Bg5 d5 3. Nd2 c5 4. e3 Nc6 5. c3 Bf5 6. Ngf3 e6 7.
Bb5 Qb6 8. Qa4 a6 9. c4 Rc8 10. Bxf6 axb5 11. cxb5 Nb4 12. dxc5 Bxc5 13. Bd4 Nc2+ 14.
Kd1 Nxa1 15. Nh4 Bc2+ 16. Ke2 Bxa4 0-1

[Event "*** Titled Tuesday Blitz"]
[Site "Chess.com"]
[Date "2020.11.24"]
[Round "4"]
[White "Tpros"]
[Black "OnePeculiarConundrum"]
[Result "1-0"]
[WhiteElo "2589"]
[BlackElo "2347"]
[TimeControl "180+1"]
[EndTime "10:51:31 PST"]
[Termination "Tpros won by checkmate"]

1. Nf3 c5 2. e4 d6 3. d4 cxd4 4. c3 dxc3 5. Bc4 Nf6 6. Nxc3 a6 7. O-O Nc6 8. h3 e6 9. Qe2 Be7 10. Rd1 Qc7 11. Bf4 Ne5 12. Bb3 O-O 13. Rac1 Qb8 14.
Nd4 Bd7 15. Bh2 Rd8 16. f4 Nc6 17. Nf3 Qa7+ 18. Kh1 b5 19. f5 e5 20. g4 Nd4 21.
Nxd4 exd4 22. Bg1 Qb7 23. Bxd4 Bc6 24. Bxf6 Bxf6 25. Nd5 Be5 26. g5 a5 27. a3 Rac8 28. g6 hxg6 29. fxg6 Be8 30. Qh5 Rxc1 31. Rxc1 a4 32. Ba2 Bd7 33. Qh7+ Kf8 34. Qh8# 1-0

[Event "*** Titled Tuesday Blitz"]
[Site "Chess.com"]
[Date "2020.11.24"]
[Round "4"]
[White "guillembaches"]
[Black "DarZay"]
[Result "1-0"]
[WhiteElo "2399"]
[BlackElo "2096"]
[TimeControl "180+1"]
[EndTime "10:51:34 PST"]
[Termination "guillembaches won by resignation"]

1. e4 c6 2. d4 c5 3. Nf3 cxd4 4. Nxd4 d6 5. Nc3 Nf6 6. Be3 Nc6 7. f3 Bd7 8. Qd2 a6 9. O-O-O e5 10. Nb3 Be7 11.
g4 b5 12. g5 Nh5 13. Nd5 Rb8 14. Nxe7 Qxe7 15. Qxd6 Qxd6 16. Rxd6 Ke7 17. Bc5 Kd8 18. Bh3 Rb7 19. Rhd1 Nb8 20. Na5 Rc7 21. Bb6 Nf4 22.
Bxd7 Nxd7 23. Rxd7+ 1-0

[Event "*** Titled Tuesday Blitz"]
[Site "Chess.com"]
[Date "2020.11.24"]
[Round "4"]
[White "anon481216"]
[Black "1e41-0"]
[Result "0-1"]
[WhiteElo "2394"]
[BlackElo "2669"]
[TimeControl "180+1"]
[EndTime "10:51:36 PST"]
[Termination "1e41-0 won by resignation"]

1. d4 d5 2. c4 e6 3. Nc3 c5 4.
cxd5 exd5 5. Nf3 Nc6 6. g3 Nf6 7. Bg2 cxd4 8. Nxd4 Bc5 9. Nb3 Bb6 10. O-O d4 11. Na4 O-O 12. Bg5 Re8 13. Re1 h6 14. Nxb6 axb6 15. Bxf6 Qxf6 16. Bxc6 bxc6 17. Qxd4 Qd8 18. Qc3 Qc7 19. a3 c5 20. f3 Ra4 21.
Nc1 h5 22. Nd3 h4 23. Kg2 Rd4 24. e4 Qd7 25. Nf2 hxg3 26. hxg3 Rd2 27. Rad1 Qh3+ 28. Kg1 Qxg3+ 0-1

[Event "*** Titled Tuesday Blitz"]
[Site "Chess.com"]
[Date "2020.11.24"]
[Round "4"]
[White "romulocardoso"]
[Black "MF1966Idrisov"]
[Result "1-0"]
[WhiteElo "2129"]
[BlackElo "2396"]
[TimeControl "180+1"]
[EndTime "10:51:46 PST"]
[Termination "romulocardoso won by checkmate"]

1. e4 e6 2. d4 d5 3. exd5 exd5 4. c4 Nf6 5. Nc3 c6 6. Nf3 Bd6 7. Bd3 Bg4 8. cxd5 cxd5 9. O-O O-O 10. Re1 Nc6 11. Bg5 Nxd4 12. Bxh7+ Kxh7 13. Qxd4 Bxf3 14. gxf3 Rc8 15. Nxd5 Bc5 16. Qh4+ Kg6 17. Re5 Rh8 18. Nf4# 1-0

[Event "*** Titled Tuesday Blitz"]
[Site "Chess.com"]
[Date "2020.11.24"]
[Round "4"]
[White "Limelight2727"]
[Black "03revilo"]
[Result "1-0"]
[WhiteElo "1938"]
[BlackElo "2356"]
[TimeControl "180+1"]
[EndTime "10:51:55 PST"]
[Termination "Limelight2727 won by resignation"]

1. d4 f6 2. e4 g6 3. f4 Bg7 4. Nf3 d6 5. c4 e5 6. fxe5 fxe5 7.
dxe5 dxe5 8. Qxd8+ Kxd8 9. Bg5+ Ne7 10. Nc3 h6 11. Bxe7+ Kxe7 12. Nd5+ Kd8 13. O-O-O Bd7 14. c5 c6 15. Nb4 Ke7 16. Rd6 g5 17. Bc4 b6 18. Rhd1 bxc5 19. Na6 Rc8 20. Nxb8 Bg4 21. Nxc6+ Kf8 22. Rf1 Ke8 23. Nfxe5 Bxe5 24. Nxe5 Rc7 25. Nxg4 1-0

[Event "*** Titled Tuesday Blitz"]
[Site "Chess.com"]
[Date "2020.11.24"]
[Round "4"]
[White "sunofadawn"]
[Black "tigra"]
[Result "0-1"]
[WhiteElo "2498"]
[BlackElo "2806"]
[TimeControl "180+1"]
[EndTime "10:52:06 PST"]
[Termination "tigra won by resignation"]

1. e4 c5 2. Nf3 d6 3. Nc3 Nf6 4. e5 dxe5 5. Nxe5 Qd6 6. Nf3 Bg4 7. h3 Bh5 8. d3 Nc6 9. g4 Bg6 10. Bg2 O-O-O 11. Qe2 Nd4 12. Nxd4 cxd4 13. Nb5 Qb4+ 14. Bd2 Qxb5 15. b4 e5 16. a4 Qd7 17. a5 Bd6 18. a6 b6 19. g5 Bh5 20. f3 Nd5 21.
Qe4 Bc7 22. h4 Bg6 23. Qe2 Nf4 24. Bxf4 exf4 25. Bh3 Bf5 26. Qe4 Rhe8 0-1